 Dungeon Crawl Stone Soup version 0.24-a0-317-g5cb8de4 (webtiles) character file.

Game seed: 17444570203967026354

399 Borgoz the Slasher (level 6, -1/52 HPs)
             Began as a Hill Orc Gladiator on May 16, 2019.
             Slain by a mummy (13 damage)
             ... in an ossuary.
             The game lasted 00:04:28 (2714 turns).

Borgoz the Slasher (Hill Orc Gladiator)             Turns: 2714, Time: 00:04:29

Health: -1/52      AC:  5    Str: 22    XL:     6   Next: 84%
Magic:  6/6        EV: 13    Int:  8    God:
Gold:   169        SH:  0    Dex: 14    Spells: 5/5 levels left

rFire    . . .     SeeInvis .   a - +0 long sword
rCold    . . .     Gourm    .   (no shield)
rNeg     . . .     Faith    +   i - +0 leather armour
rPois    .         Spirit   .   c - +0 helmet
rElec    .         Reflect  .   h - +0 cloak
rCorr    .         Harm     .   (no gloves)
MR       .....                  (no boots)
Stlth    +.........             q - amulet of faith
HPRegen  0.17/turn              (no ring)
MPRegen  0.10/turn              (no ring)

@: mighty
A: no striking features
a: no special abilities


You were in an ossuary.
You were not hungry.

You visited 1 branch of the dungeon, and saw 4 of its levels.
You also visited: Ossuary.

You collected 169 gold pieces.

Inventory:

Hand Weapons
 a - a +0 long sword (weapon)
 b - a +2 dagger of draining
Missiles
 d - 2 throwing nets (quivered)
Armour
 c - a +0 helmet (worn)
 h - a +0 cloak (worn)
 i - a +0 leather armour (worn)
 m - a +0 plate armour
Jewellery
 q - an amulet of faith (around neck)
Scrolls
 j - a scroll of enchant weapon {unknown}
 l - a scroll of teleportation {unknown}
Potions
 g - a potion of degeneration {unknown}
 n - a potion of cancellation {unknown}
 o - a potion of berserk rage {unknown}
 p - a potion of might
 s - a potion of mutation {unknown}
Comestibles
 f - 3 rations


   Skills:
 + Level 4.2 Fighting
 * Level 5.6 Long Blades
 - Level 2.0 Throwing
 + Level 2.9 Armour
 + Level 3.5 Dodging


You had 5 spell levels left.
You didn't know any spells.
Your spell library was empty.

Dungeon Overview and Level Annotations

Branches:
Dungeon (4/15)
 Temple: D:4-7

Altars:
Makhleb


Message History

The mummy hits you.
* * * LOW HITPOINT WARNING * * *
You slash the mummy!
The mummy is severely damaged.
The mummy hits you but does no damage.
You barely miss the mummy.
The mummy is severely damaged.
You barely miss the mummy.
The mummy is severely damaged.
The mummy hits you.
* * * LOW HITPOINT WARNING * * *
You slice the mummy!!
You destroy the mummy!
A mummy comes into view.
You barely miss the mummy. The mummy hits you.
* * * LOW HITPOINT WARNING * * *
You slash the mummy!
The mummy is almost destroyed.
The mummy hits you!
You die...

####************
##...,,,,,,,,,,,**
##....,,####,,,..,**
#.....,##..##,....,*
#.....##....##....,*
#......M@M........,*
##................**
##..............**
#+##........##+*
**,,##......##,,**
**,,,,##....##,,,,**
**,,,,,,#....#,,,,,,**
*,,,,,,,#....#,,,,,,,*
*,,,,,,,#....#,,,,,,,*


You could see 2 mummies.

Vanquished Creatures
  An ogre (D:3)
  3 iron imps (D:3)
  A centaur skeleton (D:4)
  5 mummies (Ossuary)
  A gnoll (D:1)
  5 adders
  An adder skeleton (D:3)
  2 worms
  4 dart slugs
  2 leopard geckos
  13 bats
  2 giant cockroaches
  A gnoll zombie (Ossuary)
  7 goblins
  4 hobgoblins
  3 jackals (D:1)
  12 kobolds
  A quokka (D:2)
  A ball python (D:3)
  4 frilled lizards
  3 hobgoblin zombies (Ossuary)
  A kobold zombie (Ossuary)
  3 orc zombies (Ossuary)
  6 rats
86 creatures vanquished.

Notes
Turn   | Place    | Note
-------+----------+-------------------------------------------
     0 | D:1      | Borgoz the Hill Orc Gladiator began the quest for the Orb.
     0 | D:1      | Reached XP level 1. HP: 18/18 MP: 1/1
    36 | D:1      | Reached XP level 2. HP: 18/25 MP: 2/2
   356 | D:1      | Reached XP level 3. HP: 27/30 MP: 3/3
   539 | D:1      | Reached skill level 1 in Armour
   722 | D:2      | Reached skill level 4 in Long Blades
   799 | D:2      | Reached XP level 4. HP: 37/38 MP: 4/4
  1319 | D:3      | Noticed an ogre
  1330 | D:3      | Killed an ogre
  1330 | D:3      | Reached XP level 5. HP: 24/46 MP: 5/5
  1496 | D:3      | Found a faded altar of an unknown god.
  1575 | D:3      | Found a burning altar of Makhleb.
  1613 | D:3      | Reached skill level 5 in Long Blades
  1613 | D:3      | Reached XP level 6. HP: 23/52 MP: 6/6
  2642 | D:4      | Found a sand-covered staircase.
  2659 | Ossuary  | Entered an ossuary
  2714 | Ossuary  | Slain by a mummy

Levels and vault maps discovered:
D:1:      minmay_arrival_three_doors, layout_basic
D:2:      layout_basic
D:3:      minmay_door_path, layout_basic, demons_altar,
          chequers_ecumenical_altar_simple_redux
D:4:      layout_gridville, lemuel_zombie_altar_kikubaaqudgha, first_ration,
          enter_ossuary_1, lemuel_tele_altar
Ossuary:  ossuary_tomb_3

Skill      XL: |  1  2  3  4  5  6 |
---------------+-------------------+-----
Throwing       | 2 |  2.0
Fighting       | 3 4 |  4.2
Armour         | 1 2 |  2.9
Long Blades    | 4 5 |  5.6
Dodging        | 3 |  3.5

Action                   |  1- 3 |  4- 6 || total
-------------------------+-------+-------++-------
Melee: Long sword        |    59 |    98 ||   157
       Dagger            |    18 |    80 ||    98
Throw: Throwing net      |       |     4 ||     4
  Use: Scroll            |       |     5 ||     5
       Potion            |       |     2 ||     2
 Stab: Sleeping          |       |     1 ||     1
       Held in net/web   |       |     1 ||     1
  Eat: Chunk             |       |     5 ||     5
       Ration            |       |     1 ||     1
Armor: Leather armour    |    27 |    66 ||    93
Dodge: Dodged            |    64 |   157 ||   221
       Rpst.: Long sword |    11 |    26 ||    37

Table legend:
 A = Non-vault XP
 B = Vault XP
 C = Vault XP percentage of total XP
 D = Non-vault monster count
 E = Vault monster count
 F = Vault count percentage of total count
                 A         B        C        D         E       F
            +---------+---------+-------+---------+---------+-------
      Total |     346 |     224 |  39.3 |      67 |      19 |  22.1
            +---------+---------+-------+---------+---------+-------
        D:1 |      69 |       0 |   0.0 |      30 |       0 |   0.0
        D:2 |      67 |       0 |   0.0 |      25 |       0 |   0.0
        D:3 |     158 |     125 |  44.2 |      10 |       6 |  37.5
        D:4 |      52 |       0 |   0.0 |       2 |       0 |   0.0
    Ossuary |       0 |      99 | 100.0 |       0 |      13 | 100.0
            +---------+---------+-------+---------+---------+-------
